 Dungeon Crawl Stone Soup version 0.20.0-6-gd3061e9 (console) character file.

3521 itsmu the Zephyrmancer (level 10, 0/50 HPs)
             Began as a Tengu Air Elementalist on May 28, 2017.
             Was a Follower of Dithmenos.
             Slain by an unseen horror (8 damage)
             ... on level 9 of the Dungeon.
             The game lasted 00:22:51 (10000 turns).

itsmu the Zephyrmancer (Tengu Air Elementalist)    Turns: 10000, Time: 00:22:52

Health: 0/50       AC:  2    Str:  8    XL:     10   Next: 8%
Magic:  14/24      EV: 13    Int: 18    God:    Dithmenos [*.....]
Gold:   459        SH:  0    Dex: 16    Spells: 12/27 levels left

rFire    . . .     SeeInvis .   a - +1 dagger (venom)
rCold    . . .     Gourm    .   (no shield)
rNeg     . . .     Faith    .   e - +0 robe
rPois    .         Spirit   .   (helmet restricted)
rElec    .         Reflect  +   s - scarf {repulsion}
rCorr    .         Harm     .   (no gloves)
MR       .....                  (boots unavailable)
Stlth    +.........             t - +5 amulet of reflection
Regen    0.2/turn               (no ring)
MPRegen  0.2/turn               (no ring)

@: confused, about to teleport, wreathed by umbra, repel missiles
A: beak, talons 3, able to fly 1
a: Fly, Renounce Religion


You were on level 9 of the Dungeon.
You worshipped Dithmenos.
Dithmenos was aware of your devotion.
You were very hungry.

You visited 2 branches of the dungeon, and saw 10 of its levels.

You collected 459 gold pieces.

Inventory:

Hand Weapons
 a - a +1 dagger of venom (weapon)
   (You took it off Dowan on level 4 of the Dungeon)
Armour
 e - a +0 robe (worn)
 g - a +1 cloak
   (You found it on level 1 of the Dungeon)
 s - a scarf of repulsion (worn)
   (You found it on level 2 of the Dungeon)
 y - a +0 shield
   (You found it on level 2 of the Dungeon)
Magical Staves
 b - an uncursed staff of wizardry
   (You found it on level 3 of the Dungeon)
Jewellery
 d - an uncursed ring of fire
   (You found it on level 1 of the Dungeon)
 t - a +5 amulet of reflection (around neck)
   (You found it on level 2 of the Dungeon)
Wands
 F - a wand of lightning (3/15)
   (You found it on level 7 of the Dungeon)
 H - a wand of acid (4/15)
   (You found it on level 9 of the Dungeon)
Scrolls
 f - a scroll of enchant weapon
 h - a scroll of amnesia
 j - 3 scrolls of recharging
 m - 2 scrolls of teleportation
 n - 2 scrolls of noise
 w - 6 scrolls of remove curse
 z - a scroll of enchant armour
Potions
 k - 3 potions of cancellation
 l - 2 potions of lignification
 o - 2 potions of flight
 p - 2 potions of might
 A - 2 potions of mutation {!q}
 C - 2 potions of degeneration
 E - a potion of brilliance
Books
 q - a book of Geomancy
   (You found it on level 7 of the Dungeon)

   Spells                             Type                      Level
   a - Sandblast                      Earth                        1
   b - Passwall                       Transmutation/Earth          2
   c - Stone Arrow                    Conjuration/Earth            3
   d - Petrify                        Transmutation/Earth          4
   e - Lee's Rapid Deconstruction     Earth                        5
 r - a book of Air

   Spells                             Type                      Level
   a - Shock                          Conjuration/Air              1
   b - Swiftness                      Charms/Air                   2
   c - Static Discharge               Conjuration/Air              3
   d - Airstrike                      Air                          4
   e - Lightning Bolt                 Conjuration/Air              5
Comestibles
 c - 4 bread rations
 x - 2 fruits
 B - 2 royal jellies


   Skills:
 - Level 2.2 Dodging
 - Level 2.0 Stealth
 * Level 9.2 Spellcasting
 + Level 8.3 Conjurations
 + Level 10.9 Air Magic


You had 12 spell levels left.
You knew the following spells:

 Your Spells              Type           Power        Failure   Level  Hunger
a - Shock                 Conj/Air       ####         1%          1    None
b - Static Discharge      Conj/Air       #####...     1%          3    None
c - Lightning Bolt        Conj/Air       #####.....   4%          5    #####..
o - Airstrike             Air            #####.....   1%          4    ###....
z - Swiftness             Chrm/Air       ####....     1%          2    None


Dungeon Overview and Level Annotations

Branches:
Dungeon (9/15)             Temple (1/1) D:7
   Lair: D:8-11         Orc: D:9-12

Altars:
Ashenzari
Dithmenos
Elyvilon
Fedhas
Gozag
Hepliaklqana
Kikubaaqudgha
Makhleb
Nemelex Xobeh
Okawaru
Qazlal
Ru
Sif Muna
Trog
Uskayaw
Vehumet
Xom
Yredelemnul
Zin
The Shining One

Shops:
D:4 =


Innate Abilities, Weirdness & Mutations

You have a beak for a mouth.
You have claws for feet.
You can fly.


Message History

An orc warrior comes into view. It is wielding a long sword.
Something hits you!
You hit something but do no damage. Something hits you!
* * * LOW HITPOINT WARNING * * *
Something hits you!
* * * LOW HITPOINT WARNING * * *
A bullfrog comes into view.
You feel much better. Something hits you.
As you read the scroll of teleportation, it crumbles to dust.
You feel strangely unstable. Something hits you!
* * * LOW HITPOINT WARNING * * *
Something hits you!
* * * LOW HITPOINT WARNING * * *
You feel better. Something hits you!
* * * LOW HITPOINT WARNING * * *
You are confused.
You feel invigorated.
The orc warrior shouts!
Something hits you!
You die...

+..............
#........#####.
####........# ..#.
#........#### #.#.
#........... #.#.
#........### #.#.
#........# #.#.
#........######.#.
#x...............)
##.######o........#####.##
#..........(......#..<#.#
#.####.####...... #.....#
##.....##...... ####### #
#.......#....o.
#.#...(...#......
#....._.........[
#.#.......#......


You could see an orc warrior and an orc.

Vanquished Creatures
  A two-headed ogre (D:6)
  Prince Ribbit (D:7)
  A hungry ghost (D:8)
  Duvessa (D:4)
  An ice beast (D:8)
  A sky beast (D:8)
  6 ogres
  A phantom (D:9)
  A centaur (D:9)
  2 big kobolds
  2 bullfrogs (D:7)
  A wyvern zombie (D:7)
  Dowan (D:4)
  6 killer bees (D:7)
  3 scorpions
  A wight (D:7)
  2 crimson imps
  A bullfrog zombie (D:6)
  3 hounds
  2 jellies (D:8)
  2 orc priests
  2 orc wizards
  A bullfrog skeleton (D:8)
  6 worker ants
  A hound skeleton (D:8)
  9 adders
  4 shadow imps
  2 oozes
  2 worms (D:2)
  A dart slug (D:4)
  2 leopard geckos
  21 orcs
  8 bats
  2 giant cockroaches
  8 goblins
  6 hobgoblins
  10 jackals
  18 kobolds
  A ball python (D:1)
  7 frilled lizards
  A giant cockroach zombie (D:6)
  A quokka zombie (D:5)
  6 rats
159 creatures vanquished.

Notes
Turn   | Place    | Note
-------+----------+-------------------------------------------
     0 | D:1      | itsmu the Tengu Air Elementalist began the quest for the Orb.
     0 | D:1      | Reached XP level 1. HP: 10/10 MP: 4/4
   237 | D:1      | Reached XP level 2. HP: 15/15 MP: 3/6
   650 | D:1      | Reached skill level 5 in Air Magic
  1198 | D:2      | Found an iron altar of Okawaru.
  1205 | D:2      | Found a glowing golden altar of the Shining One.
  1205 | D:2      | Found a basalt altar of Yredelemnul.
  1224 | D:2      | Reached XP level 3. HP: 19/19 MP: 4/7
  1386 | D:2      | Reached skill level 6 in Air Magic
  1470 | D:2      | Reached XP level 4. HP: 24/24 MP: 3/8
  1682 | D:1      | Learned a level 4 spell: Airstrike
  1961 | D:2      | Found a deep blue altar of Sif Muna.
  2451 | D:2      | Learned a level 2 spell: Swiftness
  2926 | D:3      | Found an ancient bone altar of Kikubaaqudgha.
  3145 | D:3      | Found an iron altar of Okawaru.
  3244 | D:3      | Gained mutation: You can fly. [Tengu growth]
  3244 | D:3      | Reached XP level 5. HP: 28/28 MP: 7/10
  3315 | D:3      | Found a blossoming altar of Fedhas.
  3941 | D:4      | Reached skill level 7 in Air Magic
  4035 | D:4      | Learned a level 3 spell: Static Discharge
  4124 | D:4      | Reached XP level 6. HP: 32/32 MP: 8/12
  4580 | D:4      | Found Neosh's Jewellery Shop.
  4750 | D:4      | Found a burning altar of Makhleb.
  4809 | D:5      | Entered Level 5 of the Dungeon
  5056 | D:5      | Noticed Duvessa
  5160 | D:5      | Reached XP level 7. HP: 36/36 MP: 1/15
  5357 | D:5      | Reached skill level 8 in Air Magic
  5477 | D:5      | Reached skill level 5 in Spellcasting
  5662 | D:5      | Noticed Dowan
  5931 | D:4      | Killed Duvessa
  5939 | D:4      | Killed Dowan
  5939 | D:4      | Reached XP level 8. HP: 21/41 MP: 12/17
  6140 | D:4      | Learned a level 5 spell: Lightning Bolt
  6181 | D:5      | Found a sacrificial altar of Ru.
  6733 | D:6      | Noticed a two-headed ogre
  6765 | D:6      | Killed a two-headed ogre
  6765 | D:6      | Reached skill level 5 in Conjurations
  6765 | D:6      | Reached skill level 9 in Air Magic
  7065 | D:6      | Reached XP level 9. HP: 45/45 MP: 4/20
  7767 | D:7      | Found a staircase to the Ecumenical Temple.
  7771 | Temple   | Entered the Ecumenical Temple
  7970 | D:7      | Found a shadowy altar of Dithmenos.
  7974 | D:7      | Became a worshipper of Dithmenos the Shadowed
  8002 | D:7      | Found a sacrificial altar of Ru.
  8029 | D:7      | Reached skill level 10 in Air Magic
  9009 | D:7      | Noticed Prince Ribbit
  9013 | D:7      | Killed Prince Ribbit
  9586 | D:8      | Reached * piety under Dithmenos
  9748 | D:8      | Reached XP level 10. HP: 50/50 MP: 15/24
  9967 | D:9      | Found a stormy altar of Qazlal.
 10000 | D:9      | Slain by an unseen horror

Skill      XL: |  1  2  3  4  5  6  7  8  9 |
---------------+----------------------------+-----
Air Magic      | 5 6 7 8 9 10 | 10.9
Spellcasting   | 3 4 5 7 9 |  9.2
Conjurations   | 2 4 6 8 |  8.3
Dodging        | |  2.2
Stealth        | |  2.0

Action                   |  1- 3 |  4- 6 |  7- 9 | 10-12 || total
-------------------------+-------+-------+-------+-------++-------
Melee: Staff             |       |    19 |       |       ||    19
       Kick              |       |     5 |     5 |       ||    10
       Peck              |       |     1 |     2 |     1 ||     4
       Dagger            |       |       |    22 |     3 ||    25
 Cast: Shock             |    60 |   113 |    22 |       ||   195
       Airstrike         |       |    20 |   109 |    12 ||   141
       Static Discharge  |       |     4 |    11 |       ||    15
       Swiftness         |       |       |     1 |       ||     1
 Abil: Fly               |       |       |     1 |       ||     1
  Use: Scroll            |       |    10 |    10 |     3 ||    23
       Potion            |       |     1 |     3 |     3 ||     7
  Eat: Chunk             |     3 |    10 |    20 |     2 ||    35
       Meat ration       |       |     1 |     1 |       ||     2
       Royal jelly       |       |       |     1 |       ||     1
       Fruit             |       |       |     1 |       ||     1
Armor: Robe              |     4 |    15 |     1 |       ||    20
       Skin              |       |       |     5 |       ||     5
Dodge: Dodged            |    16 |    66 |    17 |     3 ||   102
       Deflected         |       |     1 |     1 |       ||     2
Block: Other             |       |    17 |    16 |     1 ||    34
       Reflection        |       |     2 |     2 |     1 ||     5
